 Dungeon Crawl Stone Soup version 0.19.4-8-ga85b6b9 (webtiles) character file.

14114 Chiseanne the Thaumaturge (level 11, -6/75 HPs)
             Began as a Demonspawn Wizard on Feb 11, 2017.
             Was an Initiate of Gozag.
             Mangled by a troll (11 damage)
             ... on level 1 of the Orcish Mines.
             The game lasted 00:47:02 (16141 turns).

Chiseanne the Thaumaturge (Demonspawn Wizard)      Turns: 16141, Time: 00:47:03

Health: -6/75      AC: 19    Str:  8    XL:     11   Next: 84%
Magic:  23/28      EV: 13    Int: 23    God:    Gozag
Gold:   708        SH:  0    Dex: 14    Spells: 6 memorised, 22 levels left

rFire  + . .     SeeInvis .     s - -2 mace of Variability {chaos}
rCold  + . .     Gourm    .     H - +1 robe {Archmagi}
rNeg   . . .     Faith    .     (shield currently unavailable)
rPois  +         Spirit   .     j - +2 helmet
rElec  .         Reflect  .     v - +0 cloak
rCorr  .         Harm     .     h - +1 pair of gloves of Entitlement {rPois rF+}
MR     .....                    (no boots)
Stlth  ++........               c - amulet of regeneration
                                (no ring)
                                M - +3 ring of dexterity

@: gold aura
A: talons 2, cold resistance 1, foul stench 1, icemail, rot immunity, freezing
cloud immunity, sturdy frame 1
a: Potion Petition, Call Merchant, Bribe Branch, Renounce Religion


You were on level 1 of the Orcish Mines.
You worshipped Gozag.
Gozag was pleased with you.
You were full.

You visited 3 branches of the dungeon, and saw 15 of its levels.

You collected 2459 gold pieces.
You spent 643 gold pieces at shops.
You paid 1108 gold pieces to Gozag.

Inventory:

Hand Weapons
 a - the +10 dagger "Doick" {speed, rPois rN++ Str+3 Int-2}
   (You bought it in a shop on level 7 of the Dungeon)

   Attacks with this weapon are significantly faster.
   It affects your strength (+3).
   It affects your intelligence (-2).
   It protects you from poison.
   It greatly protects you from negative energy.
 d - a +3 scythe of protection
 f - the +5 dagger of Destiny {speed, *Slow +Fly Int+2 Dex+2}
   (You bought it in a shop on level 7 of the Dungeon)

   Attacks with this weapon are significantly faster.
   It affects your intelligence (+2).
   It affects your dexterity (+2).
   It lets you fly.
   It may slow you when you take damage.
 s - the -2 mace of Variability (weapon) {chaos}
   (You found it on level 11 of the Dungeon)

   Each time it hits an enemy it has a different, random effect.
 w - a +0 blowgun
Missiles
 b - 85 sling bullets
 k - 80 bolts
 n - 136 arrows
 o - 3 needles of paralysis
 p - 3 throwing nets (quivered)
 y - 7 tomahawks
 z - 7 javelins of returning
 J - 2 curare-tipped needles
 O - 283 stones
Armour
 h - the +1 pair of gloves of Entitlement (worn) {rPois rF+}
   (You found it on level 5 of the Dungeon)

   It protects you from fire.
   It protects you from poison.
 j - a +2 helmet (worn)
 v - a +0 cloak (worn)
 H - a +1 robe of the Archmagi (worn)
 L - a +2 robe of the Archmagi
 P - a +1 robe of positive energy
Jewellery
 c - an amulet of regeneration (around neck)
 r - a cursed amulet of inaccuracy {unknown}
 u - an uncursed amulet of magic regeneration {unknown}
 I - a cursed amulet of inaccuracy {unknown}
 M - a +3 ring of dexterity (left hand)
Wands
 K - a wand of lightning (0/15)
Scrolls
 e - 2 scrolls of fear
 g - 6 scrolls of remove curse
 m - 8 scrolls of teleportation
 E - a scroll of blinking
 G - a scroll of amnesia
 Q - 2 scrolls of magic mapping
Potions
 l - 5 potions of brilliance
 q - a potion of berserk rage {unknown}
 x - 4 potions of lignification
 A - a potion of flight
 B - 4 potions of invisibility
 C - 2 potions of might
 D - a potion of heal wounds
Books
 t - a book of Maledictions

   Spells                             Type                      Level
   a - Corona                         Hexes                        1
   b - Ensorcelled Hibernation        Hexes/Ice                    2
   c - Confuse                        Hexes                        3
   d - Tukima's Dance                 Hexes                        3
   e - Dazzling Spray                 Conjuration/Hexes            3
 F - a book of Necromancy

   Spells                             Type                      Level
   a - Pain                           Necromancy                   1
   b - Animate Skeleton               Necromancy                   1
   c - Vampiric Draining              Necromancy                   3
   d - Regeneration                   Charms/Necromancy            3
   e - Animate Dead                   Necromancy                   4
   f - Control Undead                 Necromancy                   4
Comestibles
 i - 6 meat rations
 N - 3 bread rations
 S - 4 slices of pizza


   Skills:
 * Level 3.2 Fighting
 * Level 2.9 Maces & Flails
 * Level 3.5 Dodging
 - Level 1.7 Stealth
 - Level 13.0 Spellcasting
 - Level 11.3 Conjurations
 * Level 2.3 Hexes
   Level 1.0 Summonings
 - Level 0.8 Translocations


You had 22 spell levels left.
You knew the following spells:

 Your Spells              Type           Power        Failure   Level  Hunger
a - Magic Dart            Conj           ####         1%          1    None
b - Blink                 Tloc           N/A          4%          2    None
c - Conjure Flame         Conj/Fire      ######..     1%          3    None
d - Mephitic Cloud        Conj/Pois/Air  #####...     2%          3    None
e - Tukima's Dance        Hex            #####...     6%          3    None
f - Repel Missiles        Chrm/Air       ###...       10%         2    None


Dungeon Overview and Level Annotations

Branches:
Dungeon (12/15)            Temple (1/1) D:5            Lair (0/6) D:11
    Orc (2/2) D:11
    Elf: Orc:2

Altars:
Ashenzari
Cheibriados
Dithmenos
Elyvilon
Fedhas
Gozag
Hepliaklqana
Kikubaaqudgha
Makhleb
Nemelex Xobeh
Okawaru
Qazlal
Ru
Sif Muna
Trog
Uskayaw
Vehumet
Xom
Yredelemnul
Zin
The Shining One
Beogh

Shops:
D:7 (   D:11 ?

Annotations:
D:6 exclusion: oklob plant


Innate Abilities, Weirdness & Mutations

You have razor-sharp toenails.
Your flesh is cold resistant. (rC+)
You may emit foul miasma when damaged in melee.
A meltable icy envelope protects you from harm. (AC +10)
You are immune to rotting.
You are immune to freezing clouds.
Your movements are slightly less encumbered by armour. (ER -2)


Message History

The troll claws you.
* * * LOW HITPOINT WARNING * * *
The orc wizard gestures wildly while chanting.
The orc wizard seems to speed up.
The ogre is engulfed in dark miasma.
The ogre looks even sicker.
You kill the ogre!
You climb upwards.
There is a stone staircase leading down here.
Casting: Magic Dart
Confirm with . or Enter, or press ? or * to list all spells.
Aiming: Magic Dart
Press: ? - help, Shift-Dir - straight line, f - troll
Aim: a troll (heavily wounded, sick)
You feel a surge of power!
The magic dart hits the troll.
The troll is heavily wounded.
The troll bites you.
* * * LOW HITPOINT WARNING * * *
The troll claws you but does no damage. The troll claws you!
You die...
Your body crumbles into a pile of gold.

##..................###.##
##.#...#............###...##
##......#.........#.## ##...##
#......#......#.##...#####.#.##
#.......#............#.##.....#
#...................#...#....###
#..........................#.#.#
#.............[........##.......
#........#....T@........##.....#
#........)..............##.#.###
#..###........................##
#..# ###.#...........#..##.#...#
#..# #.................####....
#.## ##..............#...# ##..#
### ##...#............#.## ####
#.................###
##.#.......##.#....#


You could see a troll.

Vanquished Creatures
  Josephine (D:11)
  A hydra (D:9)
  Erolcha (D:11)
  An unseen horror (D:11)
  A hill giant (D:11)
  Psyche (D:9)
  A gargoyle (D:10)
  A komodo dragon (D:10)
  2 trolls (D:9)
  A two-headed ogre (D:9)
  5 hippogriffs
  Sigmund (D:2)
  2 hogs (D:11)
  3 wraiths (D:11)
  A human (D:11)
  A hungry ghost (D:11)
  8 yaks
  A basilisk (D:12)
  2 steam dragons
  A chaos spawn (D:10)
  A warg (Orc:1)
  7 orc warriors
  Duvessa (D:4)
  3 sky beasts
  3 ice beasts
  5 ogres
  A phantom (D:11)
  4 centaurs
  A big kobold (D:11)
  A crocodile (D:9)
  Blork the orc (D:6)
  7 bullfrogs
  A gnoll sergeant (D:8)
  Dowan (D:4)
  A water moccasin skeleton (D:8)
  5 scorpions
  3 wights (D:9)
  6 howler monkeys
  3 crimson imps
  A quasit (D:8)
  A bullfrog zombie (D:8)
  5 jellies
  3 centaur skeletons
  2 hounds
  15 orc priests
  A bullfrog skeleton (D:2)
  6 iguanas
  16 orc wizards
  7 worker ants
  A hound zombie (D:7)
  A worker ant zombie (D:6)
  8 gnolls
  6 adders
  An ooze (D:1)
  3 adder skeletons
  2 adder zombies
  2 worms
  3 dart slugs
  A leopard gecko (D:7)
  65 orcs
  4 ball pythons
  2 giant cockroaches
  7 goblins
  6 hobgoblins
  11 jackals
  11 kobolds
  5 quokkas
  7 bats
  5 frilled lizards
  3 leopard gecko zombies
  A quokka zombie (D:5)
  4 rats
307 creatures vanquished.

Vanquished Creatures (others)
  2 worker ants (D:4)
  An adder (D:4)
  A worm (D:4)
  A dart slug (D:4)
  A leopard gecko (D:4)
  An orc (D:4)
  A quokka (D:4)
8 creatures vanquished.

Grand Total: 315 creatures vanquished

Notes
Turn   | Place    | Note
-------+----------+-------------------------------------------
     0 | D:1      | Chiseanne the Demonspawn Wizard began the quest for the Orb.
     0 | D:1      | Reached XP level 1. HP: 13/13 MP: 4/4
   357 | D:1      | Gained mutation: Your flesh is cold resistant. (rC+) [demonic ancestry]
   357 | D:1      | Reached XP level 2. HP: 19/19 MP: 0/6
  1170 | D:2      | Found a glowing golden altar of the Shining One.
  1251 | D:2      | Noticed Sigmund
  1320 | D:1      | Learned a level 2 spell: Repel Missiles
  1359 | D:2      | Gained mutation: Your movements are slightly less encumbered by armour. (ER -2) [demonic ancestry]
  1359 | D:2      | Reached XP level 3. HP: 24/24 MP: 1/7
  1428 | D:2      | Learned a level 3 spell: Mephitic Cloud
  1677 | D:2      | Killed Sigmund
  1677 | D:2      | Reached skill level 5 in Conjurations
  1677 | D:2      | Gained mutation: You have sharp toenails. [demonic ancestry]
  1677 | D:2      | Reached XP level 4. HP: 30/30 MP: 4/8
  1677 | D:2      | Gained mutation: You are immune to freezing clouds. [demonic ancestry]
  1677 | D:2      | Reached XP level 5. HP: 35/35 MP: 4/9
  2034 | D:2      | Found a blossoming altar of Fedhas.
  2871 | D:3      | Reached XP level 6. HP: 37/41 MP: 2/11
  2994 | D:3      | Found a bloodstained altar of Trog.
  3027 | D:3      | Found a hazy altar of Hepliaklqana.
  3424 | D:3      | Found a burning altar of Makhleb.
  3424 | D:3      | Found a hide-covered altar of Uskayaw.
  3431 | D:3      | Found a shadowy altar of Dithmenos.
  3454 | D:3      | Found a faded altar of an unknown god.
  3455 | D:3      | Found an ancient bone altar of Kikubaaqudgha.
  3517 | D:3      | Learned a level 3 spell: Conjure Flame
  3520 | D:3      | Learned a level 2 spell: Blink
  3623 | D:4      | Found a shimmering altar of Xom.
  3713 | D:4      | Noticed Duvessa
  3714 | D:4      | Noticed Dowan
  3740 | D:4      | Killed Duvessa
  3740 | D:4      | Reached skill level 4 in Spellcasting
  3762 | D:4      | Killed Dowan
  3762 | D:4      | Gained mutation: A meltable icy envelope protects you from harm. (AC +10) [demonic ancestry]
  3762 | D:4      | Reached XP level 7. HP: 31/46 MP: 4/14
  3941 | D:4      | Reached skill level 5 in Spellcasting
  4132 | D:4      | You fall through a shaft!
  4132 | D:5      | Entered Level 5 of the Dungeon
  4251 | D:5      | Got a pair of translucent gloves
  4257 | D:5      | Identified the +1 pair of gloves of Entitlement {rPois rF+} (You found it on level 5 of the Dungeon)
  4819 | D:5      | Found an opulent altar of Gozag.
  4826 | D:5      | Became a worshipper of Gozag Ym Sagoz the Greedy
  4932 | D:5      | Reached skill level 6 in Spellcasting
  5145 | D:5      | Found a staircase to the Ecumenical Temple.
  5360 | D:5      | Gained mutation: You are immune to rotting. [demonic ancestry]
  5360 | D:5      | Reached XP level 8. HP: 52/52 MP: 6/17
  5721 | D:5      | Found a stormy altar of Qazlal.
  6065 | D:6      | Noticed Blork the orc
  6076 | D:6      | Killed Blork the orc
  6200 | D:6      | Reached skill level 7 in Spellcasting
  6792 | D:6      | You fall through a shaft for 2 floors!
  6792 | D:8      | Noticed a hippogriff
  7080 | D:9      | Killed a hippogriff
  7080 | D:9      | Reached skill level 8 in Spellcasting
  7216 | D:8      | Noticed a hippogriff
  7251 | D:6      | Reached XP level 9. HP: 48/57 MP: 0/21
  7462 | D:6      | Found a blossoming altar of Fedhas.
  7488 | D:6      | Noticed an oklob plant
  8187 | D:7      | Reached skill level 9 in Spellcasting
  8323 | D:7      | Bought a shimmering dagger for 231 gold pieces
  8324 | D:7      | Identified the +5 dagger of Destiny {speed, *Slow +Fly Int+2 Dex+2} (You bought it in a shop on level 7 of the Dungeon)
  8594 | D:7      | Found a deep blue altar of Sif Muna.
  9291 | D:7      | Reached skill level 10 in Spellcasting
  9881 | D:7      | Bought a warped dagger for 231 gold pieces
  9882 | D:7      | Identified the +10 dagger "Doick" {speed, rPois rN++ Str+3 Int-2} (You bought it in a shop on level 7 of the Dungeon)
 10279 | D:8      | Gained mutation: You have razor-sharp toenails. [demonic ancestry]
 10279 | D:8      | Reached XP level 10. HP: 56/63 MP: 24/24
 11057 | Temple   | Entered the Ecumenical Temple
 11536 | D:9      | Reached skill level 11 in Spellcasting
 11646 | D:9      | Noticed Psyche
 11648 | D:9      | Reached skill level 10 in Conjurations
 11664 | D:9      | Killed Psyche
 11866 | D:9      | Found a snail-covered altar of Cheibriados.
 11867 | D:9      | Noticed a seven-headed hydra
 12047 | D:9      | Killed a seven-headed hydra
 12047 | D:9      | Reached skill level 12 in Spellcasting
 12273 | D:10     | Entered Level 10 of the Dungeon
 12888 | D:10     | Noticed a gargoyle
 12906 | D:10     | Noticed a gargoyle
 13067 | D:10     | Gained mutation: You may emit foul miasma when damaged in melee. [demonic ancestry]
 13067 | D:10     | Reached XP level 11. HP: 68/68 MP: 15/27
 13752 | D:11     | Noticed Josephine
 13758 | D:11     | Killed an unseen horror
 13777 | D:11     | Killed Josephine
 14449 | D:11     | Reached skill level 13 in Spellcasting
 14474 | D:11     | Found a staircase to the Lair.
 14601 | D:11     | Found a shimmering altar of Xom.
 14677 | D:11     | Noticed Erolcha
 14691 | D:11     | Killed Erolcha
 14691 | D:11     | Reached skill level 1 in Fighting
 14691 | D:11     | Reached skill level 1 in Maces & Flails
 14760 | D:11     | Noticed a hill giant
 14769 | D:11     | Killed a hill giant
 14912 | D:11     | Found a staircase to the Orcish Mines.
 14929 | D:11     | Bought a scroll of magic mapping for 45 gold pieces
 14929 | D:11     | Bought a scroll of magic mapping for 45 gold pieces
 14929 | D:11     | Bought a scroll of identify for 26 gold pieces
 14929 | D:11     | Bought a scroll of identify for 26 gold pieces
 14929 | D:11     | Bought a scroll of teleportation for 39 gold pieces
 14937 | D:11     | Learned a level 3 spell: Tukima's Dance
 14937 | D:11     | Found a roughly hewn altar of Beogh.
 14937 | D:11     | Noticed a hill giant
 15327 | D:11     | Reached skill level 1 in Hexes
 15895 | Orc:1    | Entered Level 1 of the Orcish Mines
 16040 | Orc:2    | Entered Level 2 of the Orcish Mines
 16141 | Orc:1    | Mangled by a troll

Skill      XL: |  1  2  3  4  5  6  7  8  9 10 11 |
---------------+----------------------------------+-----
Conjurations   | 2 3 5 6 7 8 9 10 11 | 11.3
Spellcasting   | 4 6 8 10 12 13 | 13.0
Fighting       | 3 |  3.2
Maces & Flails | 2 |  2.9
Dodging        | 3 |  3.5
Hexes          | 2 |  2.3
Stealth        | |  1.7
Summonings     | |  1.0
Translocations | |  0.8

Action                   |  1- 3 |  4- 6 |  7- 9 | 10-12 || total
-------------------------+-------+-------+-------+-------++-------
Melee: Dagger            |    25 |       |    41 |   222 ||   288
       Short sword       |    24 |       |       |       ||    24
       Scythe            |       |    61 |   102 |       ||   163
       Kick              |       |     7 |    21 |    77 ||   105
       Great mace        |       |       |       |   100 ||   100
 Cast: Magic Dart        |    51 |    76 |   465 |   420 ||  1012
       Repel Missiles    |     1 |       |     1 |       ||     2
       Mephitic Cloud    |     1 |       |    15 |    21 ||    37
       Blink             |       |       |     8 |     9 ||    17
       Conjure Flame     |       |       |    11 |    22 ||    33
       Tukima's Dance    |       |       |       |     4 ||     4
Invok: Call Merchant     |       |       |     1 |     1 ||     2
Evoke: Wand              |       |       |       |     8 ||     8
  Use: Scroll            |     4 |     3 |     4 |     9 ||    20
       Potion            |       |     4 |       |       ||     4
 Stab: Confused          |     3 |       |     1 |     1 ||     5
       Sleeping          |       |     1 |       |     2 ||     3
       Invisible         |       |     3 |       |       ||     3
       Distracted        |       |       |     1 |     2 ||     3
  Eat: Chunk             |     2 |     7 |     5 |       ||    14
       Bread ration      |       |       |     3 |     2 ||     5
       Fruit             |       |       |     1 |     5 ||     6
       Beef jerky        |       |       |     1 |     3 ||     4
       Pizza             |       |       |     1 |     3 ||     4
Armor: Robe              |     6 |     7 |       |   181 ||   194
       Leather armour    |       |    28 |   213 |    42 ||   283
Dodge: Dodged            |    21 |    77 |   192 |   254 ||   544
       Deflected         |       |       |     1 |     1 ||     2
